 Dungeon Crawl Stone Soup version 0.29.1-12-g30fa7ad0bf (webtiles) character file.

Game seed: 7866304974046878691

8443 wingedge the Destroyer (level 11, 0/78 HPs)
             Began as an Octopode Earth Elementalist on Dec 21, 2022.
             Was a Believer of Vehumet.
             Slain by a wraith (12 damage)
             ... led by Josephine
             ... on level 10 of the Dungeon.
             The game lasted 00:28:35 (13611 turns).

wingedge the Destroyer (OpEE)                      Turns: 13611, Time: 00:28:36

Health: 0/78       AC:  3    Str:  8    XL:     11   Next: 31%
Magic:  4/23       EV: 14    Int: 20    God:    Vehumet [**....]
Gold:   253        SH: 11    Dex: 20    Spells: 10/14 levels left

rFire   . . .      SeeInvis .   h - +0 falchion (holy)
rCold   + . .      Faith    .   g - +0 kite shield
rNeg    . . .      Spirit   .   M - +2 hat
rPois   .          Reflect  .   (no amulet)
rElec   .          Harm     .   f - ring of protection from cold
rCorr   +          Rampage  .   n - ring of magical power
Will    .....                   C - +6 ring of dexterity
Stlth   ++++......              e - ring of resist corrosion
HPRegen 0.23/turn               (no ring)
MPRegen 0.18/turn               (no ring)
                                (no ring)
                                (no ring)

@: very slightly contaminated, slowed, very slow
A: almost no armour, amphibious, 8 rings, camouflage 1, gelatinous body 1,
(nimble swimmer 1), tentacles
a: Renounce Religion


You were on level 10 of the Dungeon.
You worshipped Vehumet.
Vehumet was pleased with you.
You visited 2 branches of the dungeon, and saw 11 of its levels.

You collected 646 gold pieces.
You spent 393 gold pieces at shops.

Inventory:

Hand Weapons
 b - a +3 falchion of freezing
 h - a +0 falchion of holy wrath (weapon)
 y - a +0 vampiric falchion
 F - a +2 dagger of venom
 I - a +5 falchion
 N - a +2 long sword
Armour
 g - a +0 kite shield (worn)
 M - a +2 hat (worn)
Magical Staves
 c - a staff of cold
 r - a staff of air
Jewellery
 e - a ring of resist corrosion (on tentacle)
 f - a ring of protection from cold (left tentacle)
 n - a ring of magical power (right tentacle)
 C - a +6 ring of dexterity (on tentacle)
 L - a ring of wizardry
Wands
 o - a wand of paralysis (8) (quivered)
 w - a wand of digging (4)
 E - a wand of polymorph (7)
 K - a wand of roots (10)
 O - a wand of light (7)
Scrolls
 k - 3 scrolls of fear
 l - a scroll of magic mapping
 m - 2 scrolls of poison
 p - 2 scrolls of summoning
 s - a scroll of amnesia
 t - a scroll of blinking
 v - 3 scrolls of torment
 A - 3 scrolls of teleportation
 B - a scroll of immolation
 D - a scroll of butterflies
Potions
 a - a potion of cancellation {unknown}
 d - 5 potions of curing
 i - 3 potions of degeneration {unknown}
 j - 2 potions of haste {unknown}
 q - a potion of lignification {unknown}
 u - 3 potions of heal wounds
 x - a potion of mutation {unknown}
 z - 4 potions of brilliance {unknown}
 G - a potion of ambrosia {unknown}
 H - a potion of magic
 J - a potion of resistance {unknown}


   Skills:
 + Level 8.4 Fighting
 - Level 5.0 Dodging
 - Level 4.0 Stealth
 - Level 5.0 Shields
 - Level 2.0 Spellcasting
 + Level 12.4 Conjurations
 - Level 1.0 Transmutations
 - Level 5.0 Earth Magic
 - Level 2.0 Evocations


You had 10 spell levels left.
You knew the following spells:

 Your Spells              Type           Power      Damage    Failure   Level
a - Sandblast             Erth           44%        2d11      5%          1
b - Stone Arrow           Conj/Erth      72%        3d11      3%          3

Your spell library contained the following spells:

 Spells                   Type           Power      Damage    Failure   Level
 Scorch                   Fire           4%         2d5       54%         2
 Conjure Flame            Conj/Fire      26%        6-21      11%         3
 Passwall                 Tmut/Erth      11%        N/A       19%         2
 Sticky Flame             Conj/Fire      26%        2d5       34%         4
 Ignite Poison            Fire/Tmut/Pois 3%         N/A       75%         3
 Petrify                  Tmut/Erth      14%        N/A       77%         4
 Summon Guardian Golem    Hex/Summ       2%         N/A       78%         3
 Orb of Destruction       Conj           25%        9d9       93%         7
 Spellforged Servitor     Conj/Summ      13%        N/A       100%        7


Dungeon Overview and Level Annotations

Branches:
Dungeon (10/15)            Temple (1/1) D:7             Orc (0/2) D:9
   Lair: D:8-11

Altars:
Ashenzari
Cheibriados
Dithmenos
Elyvilon
Fedhas
Gozag
Hepliaklqana
Kikubaaqudgha
Makhleb
Okawaru
Qazlal
Ru
Sif Muna
Trog
Uskayaw
Vehumet
Wu Jian
Xom
Yredelemnul
Zin
The Shining One
Jiyva

Shops:
D:1 [   D:5 ?   D:8 *([

Annotations:
D:8 3 runed translucent doors, sigtrap's ghost, novice SpBr


Innate Abilities, Weirdness & Mutations

You cannot wear most types of armour.
You are amphibious.
You can wear up to eight rings at the same time.
Your skin changes colour to match your surroundings (Stealth+).
Your rubbery body absorbs attacks. (AC +1, EV +1)
((You are camouflaged when in or above water. (Stealth+)))
You have tentacles for arms and can constrict up to eight enemies at once.


Message History

The wraith is almost destroyed.
You block the wraith's attack. x3
Casting: Stone Arrow (dangerous; 3% risk of failure)
Confirm with . or Enter, or press ? or * to list all spells.
Aiming: Stone Arrow (dangerous; 3% risk of failure)
Press: ? - help, Shift-Dir - straight line, f/p - wraith
Aim: a wraith (severely damaged, 74% to hit)
The stone arrow misses the wraith.
The wraith hits you! The wraith drains your vigour!
You feel yourself slow down. The wraith barely misses you. The wraith hits you!
The wraith drains your vigour!
You feel as though you will be slow longer.
Your +3 falchion of freezing stops glowing.
Your +0 falchion of holy wrath softly glows with a divine radiance!
h - a +0 falchion of holy wrath (weapon)
The wraith hits you but does no damage. The wraith completely misses you.
You block the wraith's attack.
You closely miss the wraith. You squeeze the wraith.
The wraith is almost destroyed.
The wraith barely misses you. The wraith closely misses you.
You block the wraith's attack. The wraith hits you but does no damage.
The wraith hits you. The wraith drains your vigour!
You feel as though you will be slow longer.
The wraith hits you! The wraith drains your vigour!
You feel as though you will be slow longer.
You closely miss the wraith. You squeeze the wraith.
The wraith is almost destroyed.
The wraith hits you! The wraith drains your vigour!
You feel as though you will be slow longer.
You block the wraith's attack. The wraith barely misses you.
You block the wraith's attack. The wraith hits you! The wraith hits you.
Unknown command.
You barely miss the wraith.
The wraith is almost destroyed.
The wraith hits you. The wraith hits you but does no damage.
The wraith closely misses you. You block the wraith's attack.
The wraith misses you. You block the wraith's attack. The wraith hits you!
* * * LOW HITPOINT WARNING * * *
The wraith hits you!
You die...

#......#.##.......
#......#.##.<...[.
#......'.##.......
#......####.......
#......# #.......
####'### ########
##...# #..### #@##
#...WWW....#
#.)...$....#
#..........#
#..........+
#..........#
#..........#
#..........#


You could see 3 wraiths.

Vanquished Creatures
  2 two-headed ogres
  A troll (D:9)
  Grinder (D:5)
  A hornet (D:8)
  11 yaks
  2 wyverns
  2 wraiths (D:10)
  A spriggan (D:9)
  2 steam dragons (D:9)
  2 acid dragons
  Duvessa (D:6)
  A sky beast (D:8)
  4 orc warriors
  A centaur (D:9)
  5 kobold brigands
  A phantom (D:6)
  3 bullfrogs
  A scorpion (D:7)
  4 necrophages
  15 wights (D:8)
  Dowan (D:6)
  8 killer bees
  8 howler monkeys
  4 hounds
  4 jellies
  3 orc priests (D:9)
  3 iguanas
  5 orc wizards
  5 gnolls
  11 adders
  A shadow imp (D:6)
  A white imp (D:7)
  An ufetubus (D:6)
  3 worms
  3 dart slugs
  49 orcs
  9 endoplasms
  4 giant cockroaches
  13 goblins
  6 hobgoblins
  29 kobolds
  3 quokkas
  10 ball pythons
  8 bats
  4 frilled lizards
  6 rats
263 creatures vanquished.

Vanquished Creatures (others)
  3 plants (D:7)
3 creatures vanquished.

Grand Total: 266 creatures vanquished

Notes
Turn   | Place    | Note
-------+----------+-------------------------------------------
     0 | D:1      | wingedge the Octopode Earth Elementalist began the quest
                  | for the Orb.
     0 | D:1      | Reached XP level 1. HP: 11/11 MP: 3/3
   242 | D:1      | Found Yno Nyzo's Armour Boutique.
   410 | D:1      | Reached skill level 1 in Fighting
   424 | D:1      | Reached XP level 2. HP: 18/18 MP: 3/5
   724 | D:1      | Reached XP level 3. HP: 25/25 MP: 3/6
   986 | D:1      | Found a faded altar of an unknown god.
  1111 | D:1      | Bought a +0 kite shield for 49 gold pieces
  1335 | D:2      | Reached XP level 4. HP: 31/31 MP: 3/7
  2360 | D:3      | Reached XP level 5. HP: 36/36 MP: 4/8
  2688 | D:3      | Found a hazy altar of Hepliaklqana.
  2703 | D:3      | Found a shadowy altar of Dithmenos.
  2704 | D:3      | Identified the +1 pair of gloves of Negaw {rElec Str+3
                  | Int+3 Dex+4}
  2708 | D:3      | Found a shimmering altar of Xom.
  3229 | D:4      | Reached skill level 5 in Earth Magic
  3242 | D:4      | Reached skill level 1 in Conjurations
  3614 | D:4      | Reached skill level 2 in Conjurations
  3614 | D:4      | Reached XP level 6. HP: 42/42 MP: 9/9
  3724 | D:4      | Reached skill level 1 in Shields
  4089 | D:5      | Entered Level 5 of the Dungeon
  4126 | D:5      | Learned a level 3 spell: Stone Arrow
  4279 | D:5      | Reached skill level 3 in Conjurations
  4279 | D:5      | Reached XP level 7. HP: 46/46 MP: 10/10
  4325 | D:5      | Found Saunuzu's Magic Scroll Shoppe.
  4330 | D:5      | Bought a scroll of identify for 26 gold pieces
  4330 | D:5      | Bought a scroll of amnesia for 52 gold pieces
  4330 | D:5      | Bought a scroll of blinking for 97 gold pieces
  4362 | D:5      | Noticed Grinder
  4368 | D:5      | Paralysed by Grinder for 3 turns
  4381 | D:5      | Killed Grinder
  4382 | D:5      | Reached skill level 4 in Conjurations
  4537 | D:5      | Reached skill level 5 in Conjurations
  5358 | D:6      | Reached skill level 1 in Evocations
  5358 | D:6      | Reached XP level 8. HP: 52/52 MP: 11/11
  5752 | D:6      | Noticed Duvessa
  5754 | D:6      | Noticed Dowan
  5759 | D:6      | Killed Duvessa
  5760 | D:6      | Reached skill level 6 in Conjurations
  5764 | D:6      | Killed Dowan
  6236 | D:7      | Reached skill level 5 in Fighting
  6351 | D:7      | Noticed a wyvern
  6354 | D:7      | Killed a wyvern
  6357 | D:7      | Reached skill level 7 in Conjurations
  6974 | D:7      | Reached skill level 8 in Conjurations
  6974 | D:7      | Reached XP level 9. HP: 55/61 MP: 5/12
  7519 | D:7      | Reached skill level 9 in Conjurations
  7560 | D:7      | Found a staircase to the Ecumenical Temple.
  7602 | Temple   | Entered the Ecumenical Temple
  7713 | Temple   | Became a worshipper of Vehumet
  7918 | D:7      | Found a glowing golden altar of the Shining One.
  8425 | D:8      | Found Kumusmall's Antique Armour Emporium.
  8729 | D:8      | Found a broken altar of Ashenzari.
  9144 | D:8      | Found Duypew's General Store.
  9149 | D:8      | Bought a scroll of teleportation for 33 gold pieces
  9149 | D:8      | Bought a +1 short sword of holy wrath for 136 gold pieces
  9169 | D:8      | Found Esil's Weapon Shoppe.
  9171 | D:8      | Noticed a hornet
  9177 | D:8      | Killed a hornet
  9270 | D:8      | Found a runed translucent gate.
  9270 | D:8      | Found a runed translucent gate.
  9270 | D:8      | Found a runed translucent gate.
  9273 | D:8      | Noticed sigtrap's ghost (novice SpBr)
  9411 | D:8      | Found an iron altar of Okawaru.
  9413 | D:8      | Reached XP level 10. HP: 59/68 MP: 13/13
  9575 | D:8      | Noticed a two-headed ogre
  9582 | D:8      | Killed a two-headed ogre
  9583 | D:8      | Reached skill level 10 in Conjurations
  9711 | D:8      | Found a viscous altar of Jiyva.
 10031 | D:9      | Noticed a two-headed ogre
 10061 | D:9      | Killed a two-headed ogre
 10062 | D:9      | Reached skill level 5 in Dodging
 10062 | D:9      | Reached skill level 5 in Shields
 10356 | D:9      | Reached * piety under Vehumet
 10356 | D:9      | Offered knowledge of Shock by Vehumet.
 10632 | D:9      | Reached skill level 11 in Conjurations
 11858 | D:9      | Reached XP level 11. HP: 75/75 MP: 1/14
 11881 | D:9      | Reached ** piety under Vehumet
 12106 | D:9      | Found a staircase to the Orcish Mines.
 12173 | D:9      | Offered knowledge of Scorch by Vehumet.
 12174 | D:9      | Reached skill level 12 in Conjurations
 12929 | D:10     | Entered Level 10 of the Dungeon
 13611 | D:10     | Slain by a wraith

Illustrated notes

Levels and vault maps discovered:
D:1:      minmay_arrival_plants_in_alcoves, layout_basic, serial_shops, shop,
          shapermc_ecumenical_altar_mp_urbaneastern, columned_hall_lemuel,
          nrook_loot_triangle
D:2:      layout_basic
D:3:      kennysheep_big_flooded_room, layout_loops_ring, minitemple,
          chequers_serial_rivers_small_b, minmay_misc_feat_hallway,
          chequers_serial_rivers_room_a
D:4:      layout_layer_cave
D:5:      layout_rooms, serial_shops, nicolae_shop_hallway_plus, uniq_grinder
D:6:      layout_basic, uniq_duvessa
D:7:      minmay_s_stair_smasher, layout_basic, tso_oasis_becter,
          minmay_temple_entry_drinking_statues
D:8:      layout_basic, okawaru_ov_weapons_minmay, lemuel_tele_altar,
          gammafunk_ghost_ooze, serial_shops, nicolae_stop_n_shop_1,
          nicolae_shop_waterfront, nicolae_shop_bloodbath_and_beyond
D:9:      layout_small_grid, hiddenorc2_lemuel, the_hattery
D:10:     layout_roguey, mainiacjoe_overflow_alcove_2, uniq_josephine
Temple:   nicolae_temple_superstar

Skill      XL: |  1  2  3  4  5  6  7  8  9 10 11 |
---------------+----------------------------------+-----
Stealth        | 3 4 |  4.0
Fighting       | 1 2 3 5 6 7 8 |  8.4
Earth Magic    | 4 5 |  5.0
Conjurations   | 2 3 5 8 9 11 12 | 12.4
Shields        | 2 4 5 |  5.0
Evocations     | 1 2 |  2.0
Dodging        | 3 5 |  5.0
Spellcasting   | |  2.0
Transmutations | |  1.0

Action                   |  1- 3 |  4- 6 |  7- 9 | 10-12 || total
-------------------------+-------+-------+-------+-------++-------
Melee: Dagger            |     5 |     2 |    36 |       ||    43
       Tentacles         |     2 |       |    13 |    11 ||    26
       Constrict         |     1 |     1 |    14 |     6 ||    22
       Punch             |       |       |     2 |     1 ||     3
       Falchion          |       |       |     3 |    46 ||    49
 Cast: Sandblast         |    47 |    93 |    16 |       ||   156
       Stone Arrow       |       |       |   116 |   139 ||   255
  Use: Scroll            |       |       |     7 |     5 ||    12
       Potion            |       |       |     1 |       ||     1
Armor: Skin              |     1 |     1 |     1 |     6 ||     9
Dodge: Dodged            |     5 |    19 |    35 |    51 ||   110
Block: Kite shield       |       |     6 |    30 |    58 ||    94
